 Dungeon Crawl Stone Soup version 0.17-a0-1141-g3e25b61 (webtiles) character file.

57 NekoKawashu the Grave Robber (level 3, -5/25 HPs)
             Began as a Vampire Necromancer on May 26, 2015.
             Slain by a giant frog (6 damage)
             ... on level 3 of the Dungeon.
             The game lasted 00:14:14 (1743 turns).

NekoKawashu the Grave Robber (Vampire Necromancer)  Turns: 1743, Time: 00:14:14

Health: -5/25      AC:  0    Str:  2    XL:     3   Next: 73%
Magic:  4/6        EV: 21    Int: 18    God:
Gold:   34         SH:  0    Dex: 19    Spells: 2 memorised, 5 levels left

rFire  . . .     SeeInvis +     (weapon currently unavailable)
rCold  . . .     Clarity  +     (armour currently unavailable)
rNeg   + . .     SustAt   .     (shield currently unavailable)
rPois  .         Gourm    .     (helmet currently unavailable)
rElec  .         Spirit   .     (cloak currently unavailable)
rCorr  .         Warding  .     (gloves currently unavailable)
rMut   .         Stasis   .     (boots currently unavailable)
MR     .....                    l - amulet of clarity
Stlth  +++.......               (ring currently unavailable)
                                (ring currently unavailable)

@: bat-form, flying, very quick, not resistant to hostile enchantments, fairly
stealthy
A: (fangs 0), see invisible, (unbreathing)
a: End Transformation


You were on level 3 of the Dungeon.
You were not thirsty.
You were in vampire-bat-form.
You visited 1 branch of the dungeon, and saw 3 of its levels.

You collected 34 gold pieces.

Inventory:

Hand weapons
 e - a +0 dagger
 g - a +0 mace of protection
 i - a +1 whip of distortion (melded)
Missiles
 d - 26 bolts
Armour
 a - a +0 robe
 j - a +0 pair of boots (melded)
 n - a +2 leather armour of poison resistance (melded)
Jewellery
 l - an amulet of clarity (around neck)
 m - an uncursed ring of positive energy
Scrolls
 p - a scroll of teleportation {unknown}
Potions
 c - a potion of poison {unknown}
 f - a potion of mutation {unknown}
 k - a potion of lignification {unknown}
 o - a potion of berserk rage {unknown}
Books
 b - a book of Necromancy

   Spells                             Type                      Level
   a - Pain                           Necromancy                   1
   b - Animate Skeleton               Necromancy                   1
   c - Vampiric Draining              Necromancy                   3
   d - Regeneration                   Charms/Necromancy            3
   e - Animate Dead                   Necromancy                   4
   f - Control Undead                 Necromancy                   4
Comestibles
 h - 2 meat rations


   Skills:
 + Level 0.3 Fighting
 + Level 0.4 Maces & Flails
 + Level 2.7 Dodging
 + Level 3.4 Stealth
 + Level 2.5 Spellcasting
 + Level 5.0 Necromancy


You had 5 spell levels left.
You knew the following spells:

 Your Spells              Type           Power        Failure   Level  Hunger
a - Pain                  Necr           ###.         8%          1    #......
b - Animate Skeleton      Necr           N/A          8%          1    #......


Dungeon Overview and Level Annotations

Branches:
Dungeon (3/15)

Altars:


Innate Abilities, Weirdness & Mutations

((You have razor-sharp teeth.))
You have supernaturally acute eyesight.
((You can survive without breathing.))


Message History

There is an open door here.
You closely miss the giant frog. You bite the giant frog.
The giant frog is lightly wounded.
The giant frog hits you. x2
You hit the giant frog.
Space warps horribly around the giant frog!
The giant frog is almost dead.
The giant frog hits you!
Use which ability? (? or * to list)
You turn into a vampire bat.
Your +1 whip of distortion melds into your body.
Your +0 pair of boots melds into your body.
Your +2 leather armour of poison resistance melds into your body.
You no longer feel resistant to poison.
The giant frog hits you!
* * * LOW HITPOINT WARNING * * *
The giant frog misses you.
You completely miss the giant frog.
The giant frog is almost dead.
The giant frog hits you.
You die...

## #. #.# # #. #.#
###.##+## #.# ...(#...##
##.## ##....%## ##...##
##.......## ##.#...#
#.........####...#.#######
+$.......bF...............
#.........####...#.######.
##.......## ##.##.# #.
##.....## ####.# #.
##...## #.# #. ##+## #.#
#. #.# #. #.# #. ##


You could see a giant frog.

Vanquished Creatures
  Ijyb (D:3)
  A worm (D:2)
  A goblin (D:2)
  4 hobgoblins
  A jackal (D:3)
  A quokka (D:2)
  4 bats
  4 giant cockroaches
  2 kobolds
  4 rats
23 creatures vanquished.

Vanquished Creatures (collateral kills)
  A jackal (D:3)
  A rat (D:1)
2 creatures vanquished.

Vanquished Creatures (others)
  A goblin (D:3)
1 creature vanquished.

Grand Total: 26 creatures vanquished

Notes
Turn   | Place    | Note
--------------------------------------------------------------
     0 | D:1      | NekoKawashu the Vampire Necromancer began the quest for the Orb.
     0 | D:1      | Reached XP level 1. HP: 13/13 MP: 3/3
     6 | D:1      | Learned a level 1 spell: Animate Skeleton
     8 | D:1      | Noticed a lindwurm
     8 | D:1      | Noticed a polar bear
     9 | D:1      | Noticed a salamander
     9 | D:1      | Noticed a wolf
   374 | D:2      | Reached XP level 2. HP: 14/19 MP: 0/5
  1145 | D:3      | Noticed a giant frog
  1626 | D:3      | Reached XP level 3. HP: 15/24 MP: 6/6
  1707 | D:3      | Noticed Ijyb
  1714 | D:3      | Killed Ijyb
  1714 | D:3      | Reached skill level 5 in Necromancy
  1741 | D:3      | HP: 1/25 [giant frog (9)]
  1743 | D:3      | Slain by a giant frog

Vault maps used:
D:1:      onia_arrival_zoo_common, grunt_decor_clamped
D:2:      serial_forest, infiniplex_forest_lined_room_2,
          infiniplex_forest_clump_diagonal, infiniplex_forest_side_room,
          infiniplex_forest_lined_3_way, infiniplex_forest_end_2,
          infiniplex_forest_zigzag_2, infiniplex_forest_clump_double
D:3:      minmay_misc_feat_ornament, uniq_iyjb

Action                   || total
-------------------------++-------
Melee: Mace              ||    22
       Unarmed           ||     5
       Whip              ||    40
 Cast: Pain              ||    14
       Animate Skeleton  ||     5
 Abil: Bat Form          ||     2
       End Transformatio ||     1
  Use: Potion            ||     3
 Stab: Sleeping          ||     6
